 Dungeon Crawl Stone Soup version 0.20-a0-772-g73021bd (webtiles) character file.

2870 Laan the Cleaver (level 10, -19/70 HPs)
             Began as a Formicid Fighter on Feb 27, 2017.
             Was a Believer of Okawaru.
             Demolished by a two-headed ogre
             ... wielding a +0 giant club
              (22 damage)
             ... on level 7 of the Dungeon.
             The game lasted 00:11:08 (6610 turns).

Laan the Cleaver (Formicid Fighter)                 Turns: 6610, Time: 00:11:09

Health: -19/70     AC: 10    Str: 24    XL:     10   Next: 4%
Magic:  10/10      EV:  6    Int:  8    God:    Okawaru [**....]
Gold:   399        SH:  9    Dex: 10    Spells: 9/9 levels left

rFire    . . .     SeeInvis +   u - +0 battleaxe
rCold    . . .     Gourm    .   o - +0 chain mail
rNeg     . . .     Faith    .   c - +0 shield
rPois    .         Spirit   .   (helmet unavailable)
rElec    .         Reflect  .   (no cloak)
rCorr    .         Harm     .   p - +0 pair of gloves
MR       ++...                  (no boots)
Stlth    ..........             (no amulet)
Regen    0.3/turn               (no ring)
MPRegen  0.2/turn               k - ring of protection from magic

@: no status effects
A: permanent stasis, dig shafts and tunnels, four strong arms, antennae 3
a: Dig, Shaft Self, Heroism, Renounce Religion


You were on level 7 of the Dungeon.
You worshipped Okawaru.
Okawaru was pleased with you.
You were not hungry.

You visited 2 branches of the dungeon, and saw 9 of its levels.

You collected 399 gold pieces.

Inventory:

Hand Weapons
 u - a +0 battleaxe (weapon)
Armour
 c - a +0 shield (worn)
 o - a +0 chain mail (worn)
 p - a +0 pair of gloves (worn)
Jewellery
 k - a ring of protection from magic (left hand)
 t - a cursed amulet of inaccuracy {unknown}
Wands
 v - a wand of acid (1/15)
 w - a wand of random effects (32/48)
 y - a wand of random effects (23/48)
 A - a wand of confusion (17/48)
 B - a wand of disintegration (10/24)
Scrolls
 b - a scroll of magic mapping {unknown}
 d - a scroll of recharging {unknown}
 e - 13 scrolls of remove curse
 i - a scroll of amnesia {unknown}
 j - 2 scrolls of fear
 m - 6 scrolls of identify
 r - a scroll of teleportation
 s - 3 scrolls of enchant armour {unknown}
 z - a scroll of noise {unknown}
 C - a scroll of random uselessness {unknown}
Potions
 h - a potion of ambrosia {unknown}
 l - 3 potions of haste
 n - a potion of degeneration
 x - a potion of mutation {unknown}
 E - a potion of invisibility {unknown}
 F - a potion of curing
Books
 q - a book of Battle

   Spells                             Type                      Level
   a - Infusion                       Charms                       1
   b - Shroud of Golubria             Charms/Translocation         2
   c - Song of Slaying                Charms                       2
   d - Spectral Weapon                Hexes/Charms                 3
   e - Regeneration                   Charms/Necromancy            3
Comestibles
 a - 3 chunks of flesh
 f - 7 bread rations
 g - 6 meat rations
 D - 4 fruits


   Skills:
 - Level 3.2 Fighting
 + Level 12.9 Axes
 - Level 3.2 Armour
 - Level 3.6 Shields


You had 9 spell levels left.
You didn't know any spells.

Dungeon Overview and Level Annotations

Branches:
Dungeon (8/15)             Temple (1/1) D:6
   Lair: D:8-11

Altars:
Ashenzari
Cheibriados
Dithmenos
Elyvilon
Gozag
Hepliaklqana
Kikubaaqudgha
Makhleb
Nemelex Xobeh
Okawaru
Qazlal
Ru
Sif Muna
Trog
Uskayaw
Vehumet
Wu Jian
Xom
Yredelemnul
Zin
The Shining One

Annotations:
D:8 Grum, Joseph


Innate Abilities, Weirdness & Mutations

You cannot be hasted, slowed, berserked, paralysed or teleported.
You can dig through walls and to a lower floor.
Your four strong arms can wield two-handed weapons with a shield.
You have a pair of large antennae on your head. (SInv)


Message History

There is an entrance to a bailey on this level.
Hurry and find it before the portal closes forever!
You hear the steady creaking of a very distant portcullis.
Level annotation: Grum, Joseph Joseph shoots a sling bullet.
The sling bullet hits you!
The two-headed ogre hits you with a giant club!!
The two-headed ogre hits you but does no damage.
Joseph shoots a sling bullet.
The sling bullet hits you! You block the two-headed ogre's attack.
The two-headed ogre hits you with a giant club!
* * * LOW HITPOINT WARNING * * *
There is a stone staircase leading up, spattered with blood here.
You see here 3 sling bullets.
Joseph shoots a sling bullet.
You block the sling bullet.
You climb upwards.
There is a stone staircase leading down here.
You barely miss the two-headed ogre.
The two-headed ogre hits you with a giant club!
* * * LOW HITPOINT WARNING * * *
The two-headed ogre hits you with a giant club!!
You die...

##....#############..))###+##
............# #.....##...#
.....#......# #..........#
.....#..(...# #..........#
.....######### #..........#
#...># #_###8#####....##...#
####.# ...8...8#########...#
#.## ........##.....##...#
#.#8 .......[@#....)##((.#
####........O##.....((...#
##8...8...8##....(.....#
##_###8####..........# ### ##
############


You could see a two-headed ogre.

Vanquished Creatures
  A steam dragon (D:7)
  2 black bears
  4 orc warriors
  The ghost of Silverhawk the Chopper, an amateur MiBe of Trog (D:4)
  2 sky beasts
  2 phantoms
  3 ogres
  A centaur (D:6)
  A big kobold (D:7)
  A gnoll sergeant (D:7)
  A water moccasin skeleton (D:5)
  3 scorpions
  3 vampire bats (D:2)
  A wight (D:6)
  A howler monkey (D:4)
  2 crimson imps (D:6)
  A bullfrog zombie (D:7)
  A quasit (D:7)
  A jelly (D:7)
  2 hounds
  4 orc wizards
  2 bullfrog skeletons (D:7)
  2 orc priests (D:6)
  3 iguanas
  3 worker ants
  A killer bee zombie (D:6)
  A worker ant zombie (D:6)
  4 gnolls (D:5)
  10 adders
  A shadow imp (D:6)
  An ooze (D:1)
  An adder skeleton (D:6)
  6 worms
  2 dart slugs
  3 leopard geckos
  21 orcs
  10 bats
  3 bat skeletons (D:2)
  2 bat zombies (D:2)
  10 giant cockroaches
  A goblin (D:3)
  7 hobgoblins
  A jackal (D:3)
  2 quokkas
  2 ball pythons
  A ball python skeleton (D:6)
  5 frilled lizards
  A jackal zombie (D:7)
  16 kobolds
  A leopard gecko skeleton (D:4)
  2 quokka zombies
  9 rats
172 creatures vanquished.

Notes
Turn   | Place    | Note
-------+----------+-------------------------------------------
     0 | D:1      | Laan the Formicid Fighter began the quest for the Orb.
     0 | D:1      | Reached XP level 1. HP: 18/18 MP: 1/1
    99 | D:1      | Reached XP level 2. HP: 18/24 MP: 2/2
   216 | D:1      | Reached skill level 3 in Axes
   279 | D:1      | Reached XP level 3. HP: 28/29 MP: 3/3
  1107 | D:2      | Reached skill level 4 in Axes
  1107 | D:2      | Reached XP level 4. HP: 27/35 MP: 4/4
  1227 | D:2      | Found a snail-covered altar of Cheibriados.
  1357 | D:2      | Found an ancient bone altar of Kikubaaqudgha.
  1361 | D:2      | Reached skill level 5 in Axes
  1361 | D:2      | Reached XP level 5. HP: 29/41 MP: 5/5
  1377 | D:2      | Reached XP level 6. HP: 31/47 MP: 6/6
  1480 | D:2      | Reached skill level 6 in Axes
  1755 | D:3      | Found a glowing silver altar of Zin.
  1795 | D:3      | Found a shadowy altar of Dithmenos.
  2337 | D:4      | Noticed Silverhawk's ghost (amateur MiBe)
  2355 | D:4      | Killed Silverhawk's ghost
  2355 | D:4      | Reached skill level 7 in Axes
  2355 | D:4      | Reached XP level 7. HP: 35/52 MP: 7/7
  2957 | D:5      | Entered Level 5 of the Dungeon
  3034 | D:5      | Reached skill level 8 in Axes
  3180 | D:5      | Reached XP level 8. HP: 32/58 MP: 8/8
  3795 | D:6      | Reached skill level 9 in Axes
  4078 | D:6      | Found a staircase to the Ecumenical Temple.
  4089 | Temple   | Entered the Ecumenical Temple
  4103 | Temple   | Reached skill level 10 in Axes
  4305 | Temple   | Became a worshipper of Warmaster Okawaru
  4449 | D:6      | Reached XP level 9. HP: 23/64 MP: 9/9
  4746 | D:6      | Reached skill level 11 in Axes
  5087 | D:6      | Reached * piety under Okawaru
  5503 | D:7      | Reached skill level 12 in Axes
  5749 | D:7      | Found a radiant altar of Vehumet.
  5874 | D:7      | Reached ** piety under Okawaru
  6062 | D:7      | Found a shadowy altar of Dithmenos.
  6179 | D:8      | Noticed a two-headed ogre
  6182 | D:8      | Noticed Joseph
  6186 | D:8      | Noticed Grum
  6218 | D:7      | Found a sacrificial altar of Ru.
  6509 | D:7      | Reached XP level 10. HP: 57/70 MP: 10/10
  6610 | D:7      | HP: 3/70 [two-headed ogre/giant club (16)]
  6610 | D:7      | Demolished by a two-headed ogre

Vault maps used:
D:1:      mrwooster_arrival_statue_3
D:2:      kennysheep_slug_shrine, kennysheep_vampire_church
D:3:      kennysheep_six_static_rooms, lemuel_round_altar,
          lemuel_altar_in_water2
D:4:      first_bread, hangedman_abyss_or_decor_stabs, chequers_big_river,
          serial_bayou_crossing
D:6:      minmay_temple_entry_grid, portal_sewer_entry_d
D:7:      grunt_dithmenos_shadows, nicolae_overflow_hidden_temple
D:8:      old_standard_altar, enter_bailey_3, minmay_guarded_unrand_variability,
          uniq_erica, uniq_grum, uniq_joseph
Temple:   regret_index_temple_generic_petals

Skill      XL: |  1  2  3  4  5  6  7  8  9 |
---------------+----------------------------+-----
Axes           | 3 4 5 7 8 10 12 | 12.9
Fighting       | |  3.2
Armour         | |  3.2
Shields        | |  3.6

Action                   |  1- 3 |  4- 6 |  7- 9 | 10-12 || total
-------------------------+-------+-------+-------+-------++-------
Melee: War axe           |    87 |   193 |   263 |       ||   543
       Battleaxe         |       |       |    64 |     6 ||    70
Evoke: Wand              |       |       |     9 |       ||     9
  Use: Scroll            |       |     2 |     2 |       ||     4
       Potion            |       |     1 |    12 |       ||    13
  Eat: Chunk             |       |     5 |    14 |       ||    19
Armor: Scale mail        |    22 |       |       |       ||    22
       Chain mail        |    13 |   123 |   167 |     2 ||   305
       Skin              |       |       |     7 |       ||     7
Dodge: Dodged            |    33 |    48 |    78 |       ||   159
Block: Shield            |    34 |   127 |   145 |     6 ||   312
